 Dungeon Crawl Stone Soup version 0.27.1 (webtiles) character file.

Game seed: 15908621583605914619

279 MajorAdolf the Grave Robber (level 6, 0/52 HPs)
             Began as a Naga Wanderer on Sept 1, 2021.
             Slain by a gnoll (6 damage)
             ... on level 4 of the Dungeon.
             The game lasted 00:05:32 (5088 turns).

MajorAdolf the Grave Robber (Naga Wanderer)         Turns: 5088, Time: 00:05:33

Health: 0/52       AC:  4    Str: 17    XL:     6   Next: 26%
Magic:  10/10      EV:  8    Int: 15    God:
Gold:   190        SH:  0    Dex:  7    Spells: 10/11 levels left

rFire    . . .     SeeInvis +   h - +1 whip (venom)
rCold    + . .     Faith    .   (no shield)
rNeg     . . .     Spirit   .   g - +0 ring mail
rPois    +         Reflect  .   (no helmet)
rElec    .         Harm     .   (no cloak)
rCorr    .         Rampage  .   (no gloves)
Will     .....                  (no barding)
Stlth    +.........             (no amulet)
HPRegen  0.17/turn              j - ring of protection from cold
MPRegen  0.12/turn              (no ring)

@: short of breath, very slow
A: AC +2, large, see invisible, deformed body, poison resistance, slowness 2,
spit poison 1, naga tail 1
a: Spit Poison


You were on level 4 of the Dungeon.
You visited 1 branch of the dungeon, and saw 4 of its levels.

You collected 190 gold pieces.

Inventory:

Hand Weapons
 a - a +0 club
 d - a +0 dagger
 f - a +0 dagger
 h - a +1 whip of venom (weapon)
Armour
 b - a +0 robe
 g - a +0 ring mail (worn)
Jewellery
 j - a ring of protection from cold (left hand)
Wands
 k - a wand of acid (8)
 l - a wand of iceblast (6)
Scrolls
 c - a scroll of teleportation
 e - 3 scrolls of noise {unknown}
 o - a scroll of blinking {unknown}
 p - a scroll of identify {unknown}
Potions
 i - 2 potions of curing {unknown}
 m - 2 potions of heal wounds {unknown}
 n - a potion of berserk rage {unknown}


   Skills:
 - Level 2.0 Fighting
 - Level 1.0 Armour
 - Level 3.0 Stealth
 - Level 3.0 Spellcasting
 - Level 2.0 Hexes
 + Level 5.0 Necromancy
 + Level 2.4 Evocations


You had 10 spell levels left.
You knew the following spells:

 Your Spells              Type           Power      Damage    Failure   Level
a - Pain                  Necr           68%        1d7       4%          1

Your spell library contained the following spells:

 Spells                   Type           Power      Damage    Failure   Level
 Animate Skeleton         Necr           34%        N/A       4%          1
 Vampiric Draining        Necr           8%         2d7       14%         3
 Slow                     Hex            8%         N/A       24%         2
 Magic Dart               Conj           8%         1d3       36%         1
 Animate Dead             Necr           8%         N/A       41%         4
 Confusing Touch          Hex            8%         N/A       43%         3
 Dazzling Flash           Conj/Hex       10%        N/A       58%         3
 Agony                    Necr           17%        N/A       77%         5


Dungeon Overview and Level Annotations

Branches:
Dungeon (4/15)
 Temple: D:4-7

Altars:
Hepliaklqana
The Shining One

Shops:
D:2 (


Innate Abilities, Weirdness & Mutations

Your serpentine skin is tough. (AC +2)
You have supernaturally acute eyesight. (SInv)
Armour fits poorly on your strangely shaped body.
Your system is resistant to poisons. (rPois)
You cover ground very slowly.
You can spit poison.
You have a snake-like lower body.


Message History

The gnoll hits you with a +0 whip.
You hit the gnoll but do no damage.
The gnoll is poisoned.
The gnoll is moderately wounded.
The gnoll hits you with a +0 whip. The gnoll hits you with a +0 whip!
The gnoll closely misses you.
You hit the gnoll.
You kill the gnoll!
The gnoll hits you with a +0 whip. The gnoll hits you but does no damage.
Unknown command.
Okay, then.
Okay, then.
Press: ? - help, Shift-Dir - straight line, f - gnoll
Aim: a gnoll, wielding a +0 spear The splash of poison hits the gnoll.
The gnoll is poisoned.
The gnoll is lightly wounded.
The gnoll barely misses you. The gnoll hits you with a +0 club.
The gnoll hits you from afar with a +0 spear.
Unknown command.
The gnoll hits you with a +0 whip. The gnoll hits you with a +0 club.
The gnoll hits you with a +0 spear.
You hit the gnoll.
The gnoll looks even sicker.
The gnoll is moderately wounded.
The gnoll hits you with a +0 whip. The gnoll barely misses you.
The gnoll misses you.
Unknown command.
You hit the gnoll.
The gnoll is severely wounded.
The gnoll hits you but does no damage. The gnoll hits you with a +0 club.
* * * LOW HITPOINT WARNING * * *
The gnoll hits you with a +0 spear.
* * * LOW HITPOINT WARNING * * *
Unknown command.
Okay, then.
The gnoll hits you with a +0 whip.
* * * LOW HITPOINT WARNING * * *
The gnoll completely misses you. The gnoll hits you with a +0 club.
* * * LOW HITPOINT WARNING * * *
The gnoll hits you with a +0 whip.
You die...

#....?. ..#..#
#.#..# ####'#..+
#.......#
#.......####.
#.............
#.....###..#⌠.
####.@g..# .#
#...gg...# ..
###....)...# ..
..........### .
..........#
..........# ..
......(...# # .
..........#####....
.
............§.....#
#####


You could see 3 gnolls.

Vanquished Creatures
  A black bear (D:3)
  A scorpion (D:3)
  Ijyb (D:3)
  4 gnolls
  An ufetubus (D:4)
  3 worms
  A dart slug (D:1)
  4 bats
  3 endoplasms
  2 giant cockroaches (D:3)
  9 goblins
  6 hobgoblins
  2 quokkas
  5 ball pythons
  4 frilled lizards
  6 kobolds
  6 rats
59 creatures vanquished.

Notes
Turn   | Place    | Note
-------+----------+-------------------------------------------
     0 | D:1      | MajorAdolf the Naga Wanderer began the quest for the Orb.
     0 | D:1      | MajorAdolf set off with the following items: a +0 club, a
                  | +0 robe, a scroll of teleportation, a +0 dagger; and the
                  | following spells available to memorise: Animate Skeleton,
                  | Pain, Vampiric Draining, Magic Dart, Dazzling Flash,
                  | Animate Dead, Agony
     0 | D:1      | Reached XP level 1. HP: 19/19 MP: 1/1
   403 | D:1      | Reached XP level 2. HP: 26/26 MP: 3/3
   418 | D:1      | Learned a level 1 spell: Pain
   424 | D:1      | Reached skill level 1 in Spellcasting
  1018 | D:1      | Reached XP level 3. HP: 30/32 MP: 2/5
  1158 | D:1      | Found a faded altar of an unknown god.
  1950 | D:2      | Found Nyoxolua's Weapon Boutique.
  2787 | D:3      | Noticed Ijyb
  2799 | D:3      | Killed Ijyb
  2800 | D:3      | Reached skill level 4 in Necromancy
  2800 | D:3      | Reached XP level 4. HP: 12/39 MP: 1/7
  3056 | D:3      | Noticed a black bear
  3068 | D:3      | Killed a black bear
  3069 | D:3      | Reached skill level 1 in Evocations
  3069 | D:3      | Reached XP level 5. HP: 2/45 MP: 3/9
  4087 | D:3      | Reached skill level 5 in Necromancy
  4087 | D:3      | Reached XP level 6. HP: 32/52 MP: 10/10
  4684 | D:3      | Found a hazy altar of Hepliaklqana.
  4846 | D:4      | Found a glowing golden altar of the Shining One.
  5088 | D:4      | Slain by a gnoll

Illustrated notes

Levels and vault maps discovered:
D:1:      shiori_arrival_maze, layout_basic,
          shapermc_ecumenical_altar_hornbeckon, minmay_tromino_i2
D:2:      layout_loops_cross, serial_shops, shop_coins,
          kennysheep_generic_room_14
D:3:      layout_basic, lemuel_tele_altar, uniq_ijyb
D:4:      kennysheep_goblin_castle, layout_basic, evilmike_ruin_ashenzari,
          mainiacjoe_overflow_catwalk, grunt_decor_fettered,
          minmay_fractal_squares_gapless_5

Skill      XL: |  1  2  3  4  5 |
---------------+----------------+-----
Spellcasting   | 1 2 3 |  3.0
Necromancy     | 4 5 |  5.0
Evocations     | 1 2 |  2.4
Fighting       | |  2.0
Armour         | |  1.0
Stealth        | |  3.0
Hexes          | |  2.0

Action                   |  1- 3 |  4- 6 || total
-------------------------+-------+-------++-------
Melee: Club              |     5 |       ||     5
       Dagger            |     7 |       ||     7
       Whip              |    29 |    48 ||    77
 Cast: Pain              |    66 |    15 ||    81
 Abil: Spit Poison       |    13 |     3 ||    16
Evoke: Wand              |       |     4 ||     4
 Stab: Paralysed         |       |     6 ||     6
       Sleeping          |       |     2 ||     2
Armor: Robe              |     2 |       ||     2
       Ring mail         |    18 |    27 ||    45
Dodge: Dodged            |    20 |    34 ||    54
